Jeska, neutral female human Barbarian ---------- |....%^..| ------ #......[...## |....| #|....<...| ## |.(..| ---+-.---- # |.#..| # ### ### ---- |....| ### # # |.@q......... |.##.-###### # ### # |.............| #...#.| # ### # # |.............-######------ ### # ### # ------ # ####### # ###------.-+-# #-........|# |.........# |.....^..| ---------- Jeska the Brigand Experience level: 13 Strength: 18/03 Dexterity: 18 Constitution: 17 Intelligence: 7 Wisdom: 12 Charisma: 10 Health: 0(118) Energy: 42(42) AC: 1 Gold: 1886 Moves: 12647 Your Inventory: Coins $ - 1886 gold pieces Weapons b - an uncursed +0 short sword (alternate weapon; not wielded) T - an [uncursed] thoroughly rusty thoroughly corroded +0 battle-axe (weapon in hands) Armor s - a blessed thoroughly rusty corroded +2 dwarvish iron helm (being worn) R - an [uncursed] +0 dwarvish mithril-coat (being worn) Comestibles u - 9 [uncursed] lumps of royal jelly x - an [uncursed] tin [of spinach] A - 6 [uncursed] food rations B - 2 [uncursed] tripe rations S - 2 [uncursed] lizard corpses Scrolls h - a blessed scroll of confuse monster m - a [blessed] scroll of enchant weapon z - 2 [blessed] scrolls of create monster E - 3 uncursed scrolls of teleportation W - an uncursed scroll of food detection Spellbooks P - an [uncursed] wrinkled spellbook [of charm monster] Potions c - 2 [uncursed] potions of full healing U - an [uncursed] brown potion [of sickness] V - an [uncursed] potion of object detection Rings f - a cursed ring of invisibility l - a [cursed] pearl ring [of teleportation] K - an uncursed ring of searching (on right hand) Wands a - an uncursed wand of create monster (0:13) d - an [uncursed] wand of lightning [0:6] i - an uncursed wand of digging (0:4) D - an [uncursed] wand of magic missile [0:2] H - an [uncursed] wand of sleep [0:3] L - an [uncursed] wand of magic missile [0:2] N - an uncursed wand of teleportation (0:3) O - an [uncursed] wand of teleportation [0:6] Q - an [uncursed] wand of make invisible [0:6] Y - an [uncursed] wand of striking [0:3] Z - an uncursed wand of cold (0:0) Tools q - an uncursed greased sack r - an uncursed oil lamp (0:380) v - an [uncursed tooled] horn w - an [uncursed] blindfold C - an [uncursed +0] unicorn horn F - an uncursed can of grease (0:8) M - an [uncursed] key [skeleton key] Contents of the sack: 7686 gold pieces an uncursed amulet of life saving a [blessed] scroll of create monster an uncursed scroll of enchant armor an uncursed scroll of genocide an uncursed scroll of gold detection 3 uncursed scrolls of magic mapping a [blessed] scroll of magic mapping an [uncursed] scroll of remove curse 2 blessed potions called booze [of booze] 3 uncursed potions called booze [of booze] a cursed potion of fruit juice an uncursed potion of gain ability 2 uncursed potions of gain energy an [uncursed] potion of invisibility a [blessed] potion of object detection an uncursed ring of polymorph control Spells known in the end: Name Level Category Fail Memory Your skills at the end: Fighting Skills bare handed combat [Basic / Master] body armor [Skilled / Skilled] Weapon Skills axe [Expert / Expert] short sword [Basic / Expert] Spellcasting Skills Final Attributes: You were piously aligned. Hunger level was 289. Your alignment was 72 / 73. Monster difficulty range was 3 - 17. Level difficulty was 22. You were immune to poison. You were telepathic. You had automatic searching. You could teleport. You were fast. Your luck was zero. You are dead. Vanquished creatures: an iron golem a glass golem a Nazgul a trapper a vampire lord an aligned priest a golden naga 3 black puddings a ghost a queen bee a giant mimic a rock troll a flesh golem 2 couatls 2 stalkers an air elemental a black naga 2 giant zombies 3 elf-lords a sergeant a barbed devil 4 wargs a winter wolf a small mimic 2 rodents of unusual size a xan 2 ogre lords a quantum mechanic a wood golem a gelatinous cube 2 freezing spheres a flaming sphere a shocking sphere a dwarf king 5 tengu an ochre jelly 2 energy vortices 2 mountain centaurs a python 6 wraiths a carnivorous ape 7 ettin zombies 3 Grey-elves 5 watchmen a horned devil 3 incubi a giant beetle a quivering blob 5 cockatrices 2 lynxes 3 panthers 4 gremlins 8 leprechauns an orc-captain 4 iron piercers 5 giant spiders a scorpion 3 horses 2 black lights 3 vampire bats a forest centaur 4 gnome kings a dwarf mummy 13 ogres 5 brown puddings 5 rust monsters 3 owlbears a yeti a werewolf 5 lizards 3 dingos a jaguar 3 dwarf lords 2 blue jellies a white unicorn a black unicorn a dust vortex 2 ravens a plains centaur 3 gnome mummies a snake 3 apes 14 human zombies a rope golem 2 Woodland-elves 62 snow ants 5 bugbears a quasit a wood nymph a water nymph 3 mountain nymphs 9 Mordor orcs 6 Uruk-hai 3 ponies 3 yellow lights 2 shriekers a violet fungus 15 gnome lords 9 gnomish wizards 2 gray oozes 7 elf zombies 3 ghouls a straw golem a baby crocodile a giant ant a little dog 5 floating eyes 3 kittens 25 dwarves a homunculus 4 kobold shamans 27 hill orcs 6 rothes a rabid rat 4 giant bats 2 monkeys 6 orc zombies 7 dwarf zombies 2 werejackals 3 iguanas 11 killer bees an acid blob a gas spore 7 hobbits a large kobold 6 hobgoblins 4 cave spiders 2 brown molds a yellow mold a red mold 77 gnomes 2 garter snakes 2 gnome zombies 4 geckos 10 jackals a fox 4 goblins 4 sewer rats 6 grid bugs 2 bats 2 lichens 8 newts 595 creatures vanquished. Voluntary challenges: You used a wielded weapon 891 times. You read items or engraved 9 times. You put on armor 15 times. You never genocided any monsters. You never polymorphed an object. You never changed form. You used no wishes. You wrote Elbereth's name 1 time. You never encountered a bones level. You never used any Sokoban shortcuts. Dungeon overview: The Dungeons of Doom: levels 1 to 22 Level 1 a long staircase Level 4 a fountain, a sink stairs to The Gnomish Mines Level 5 a general store, a fountain Level 7 some fountains Level 9 a fountain Level 10 many fountains Level 11 a fountain Level 12 a fountain portal to The Quest Level 13 a fountain Level 15 an armor shop, some fountains Level 17 an altar, a fountain Level 19 a fountain Level 20 a fountain Level 21 a fountain Level 22 <- You were here many trees portal to One-eyed Sam's Market The Gnomish Mines: levels 5 to 13 Level 5 stairs to The Dungeons of Doom Level 7 many shops, a temple, a magic chest, some fountains Level 13 a fountain The Quest: Level 1 portal to The Dungeons of Doom One-eyed Sam's Market: Level 1 portal to The Dungeons of Doom History has recorded: On T:1 you entered the Dungeons of Doom to retrieve the Amulet of Yendor! On T:217 you reached level 2 of The Dungeons of Doom. On T:320 you advanced to experience level 2. On T:362 you reached level 3 of The Dungeons of Doom. On T:641 you advanced to experience level 3. On T:975 you advanced to experience level 4. On T:1020 you reached level 4 of The Dungeons of Doom. On T:1224 you reached level 1 of The Gnomish Mines. On T:1225 you advanced to experience level 5. On T:1340 you advanced to experience level 6. On T:1651 you reached level 2 of The Gnomish Mines. On T:1706 you advanced to experience level 7. On T:1730 you reached level 3 of The Gnomish Mines. On T:1791 you reached level 4 of The Gnomish Mines. On T:2505 you advanced to experience level 8. On T:2665 you reached level 5 of The Gnomish Mines. On T:3213 you reached level 6 of The Gnomish Mines. On T:3219 you advanced to experience level 9. On T:3311 you reached level 7 of The Gnomish Mines. On T:3367 you reached level 8 of The Gnomish Mines. On T:3845 you reached level 9 of The Gnomish Mines. On T:3920 you advanced to experience level 10. On T:5670 you advanced to experience level 13. On T:5957 you reached level 5 of The Dungeons of Doom. On T:6213 you reached level 6 of The Dungeons of Doom. On T:6372 you reached level 7 of The Dungeons of Doom. On T:6713 you reached level 8 of The Dungeons of Doom. On T:6809 you reached level 9 of The Dungeons of Doom. On T:7413 you reached level 10 of The Dungeons of Doom. On T:7549 you reached level 11 of The Dungeons of Doom. On T:7649 you reached level 12 of The Dungeons of Doom. On T:7981 you reached level 13 of The Dungeons of Doom. On T:8125 you reached level 1 of The Quest. On T:8654 you reached level 14 of The Dungeons of Doom. On T:9107 you reached level 15 of The Dungeons of Doom. On T:9846 you reached level 16 of The Dungeons of Doom. On T:9907 you reached level 17 of The Dungeons of Doom. On T:10226 you reached level 18 of The Dungeons of Doom. On T:10827 you reached level 19 of The Dungeons of Doom. On T:10877 you reached level 20 of The Dungeons of Doom. On T:11571 you reached level 21 of The Dungeons of Doom. On T:11770 you reached level 22 of The Dungeons of Doom. On T:12537 you reached level 1 of One-eyed Sam's Market. Latest messages: The wood nymph charms you. You gladly start removing your boots. The wood nymph stole an uncursed scroll of enchant weapon. The wood nymph stole 4 uncursed potions of extra healing. The wood nymph stole a wand of make invisible. You can move again. The wood nymph steals a blessed +1 pair of water walking boots of cold resistance! [2 turns] The wood nymph stole a potion of object detection. You hear birds singing. You hear a door open. You smite the baluchitherium! The baluchitherium hits! (4x) [HP-45=73] [2 turns] You smite the baluchitherium! The baluchitherium hits! (2x) [HP-29=44] You smite the baluchitherium! (2x) The baluchitherium hits! (2x) [HP-22=22] You smite the baluchitherium! The baluchitherium hits! (2x) You die... Final status: Goodbye Jeska the Barbarian... You died in The Dungeons of Doom on dungeon level 22 with 79001 points, and 9572 pieces of gold, after 12647 moves. You were level 13 with a maximum of 118 hit points when you died.